Map: [ESL] Moondance

Players

DnS

  • Race: Protoss Protoss
  • Spawn Location: 6:00

ShaDoWn - Winner!

  • Race: Protoss Protoss
  • Spawn Location: 12:00

Event: DreamHack SC2 Masters 2022 Atlanta (Online)

VOD

Have the link to the VOD?

Description

Time

  • Played on: Oct. 9, 2022, 11:22 a.m.
  • Length: 14:33

All games in this series

Show
View Real Time Build Order
Export as new Build Order

DnS Protoss 

Build Orders: Oracle Opening 

Get SALT Encoding   

  12  0:00  Probe  
  13  0:12  Probe  
  14  0:16  Pylon  
  14  0:24  Probe (Chrono Boost)  
  16  0:36  Probe (Chrono Boost)  
  16  0:37  Gateway  
  16  0:43  Probe (Chrono Boost)  
  16  0:46  Assimilator  
  17  0:52  Assimilator  
  17  0:55  Probe  
  18  1:00  Assimilator  
  18  1:07  Probe (Chrono Boost)  
  19  1:14  Gateway  
  20  1:18  Probe (Chrono Boost)  
  20  1:23  Probe (Chrono Boost)  
  21  1:30  Cybernetics Core  
  21  1:33  Probe  
  22  1:41  Pylon  
  22  1:45  Probe  
  23  1:50  Pylon  
  23  1:59  Probe  
  26  2:13  Adept, Stargate  
  26  2:16  Adept  
  26  2:19  Warp Gate  
  28  2:28  Pylon  
  28  2:37  Shield Battery  
  28  2:44  Stalker  
  28  2:49  Stalker  
  32  2:57  Shield Battery  
  32  3:03  Oracle (Chrono Boost)  
  35  3:29  Nexus, Probe  
  36  3:42  Probe  
  36  3:46  Pylon  
  37  3:49  Twilight Council  
  37  4:01  Oracle (Chrono Boost)  
  37  4:03  Probe  
  41  4:15  Probe  
  42  4:27  Probe  
  41  4:34  Dark Shrine  
  41  4:40  Probe (Chrono Boost)  
  41  4:43  Probe (Chrono Boost)  
  41  4:45  Pylon  
  43  4:49  Stalker x2  
  43  4:51  Probe (Chrono Boost)  
  43  4:52  Probe (Chrono Boost)  
  49  4:55  Probe (Chrono Boost)  
  49  4:57  Probe (Chrono Boost)  
  51  5:05  Shield Battery  
  51  5:06  Probe  
  52  5:09  Probe  
  52  5:13  Stalker  
  55  5:15  Stalker  
  55  5:18  Probe  
  55  5:20  Pylon  
  59  5:21  Probe  
  59  5:30  Probe  
  59  5:33  Probe  
  61  5:38  Gateway  
  61  5:42  Probe  
  62  5:43  Assimilator  
  62  5:45  Probe  
  62  5:47  Dark Templar x2  
  67  5:54  Probe  
  65  6:04  Nexus  
  65  6:07  Pylon  
  65  6:11  Blink (Chrono Boost)  
  65  6:12  Probe  
  65  6:13  Probe  
  67  6:20  Forge  
  67  6:24  Probe  
  68  6:27  Stalker  
  68  6:28  Stalker  
  72  6:35  Stalker  
  72  6:40  Probe (Chrono Boost)  
  72  6:43  Probe (Chrono Boost)  
  71  6:51  Probe (Chrono Boost), Stalker  
  71  6:52  Probe (Chrono Boost), Stalker  
  77  6:56  Probe (Chrono Boost)  
  77  6:57  Probe (Chrono Boost)  
  77  6:58  Protoss Ground Weapons Level 1 (Chrono Boost)  
  79  7:03  Stalker  
  79  7:07  Probe  
  82  7:09  Probe  
  82  7:13  Robotics Facility  
  81  7:21  Stalker  
  81  7:23  Shield Battery  
  81  7:24  Stalker  
  83  7:30  Shield Battery, Stalker  
  83  7:32  Pylon  
  83  7:33  Probe x2  
  83  7:44  Stalker  
  83  7:45  Probe  
  83  7:50  Gateway  
  84  7:51  Stalker  
  84  7:52  Gateway  
  84  7:54  Stalker  
  84  7:55  Probe x2  
  88  7:59  Immortal (Chrono Boost)  
  88  8:05  Probe  
  85  8:07  Probe x2  
  85  8:08  Assimilator  
  85  8:10  Assimilator  
  87  8:16  Dark Templar  
  87  8:17  Probe  
  87  8:19  Probe  
  88  8:20  Zealot x2  
  88  8:22  Probe  
  91  8:28  Immortal (Chrono Boost)  
  91  8:29  Probe  
  91  8:31  Probe  
  97  8:37  Gateway  
  97  8:40  Gateway  
  97  8:43  Charge (Chrono Boost), Stalker x2  
  97  8:53  Stalker  
  97  8:54  Stalker  
  101  8:58  Stalker  
  101  9:02  Observer (Chrono Boost), Pylon  
  104  9:07  Protoss Ground Weapons Level 2 (Chrono Boost)  
  102  9:21  Stalker x2  
  102  9:22  Nexus  
  106  9:24  Pylon  
  106  9:27  Stalker x2  
  110  9:32  Probe x3  
  110  9:33  Observer  
  110  9:37  Pylon  
  113  9:41  Warp Prism  
  113  9:44  Stalker  
  117  9:48  Pylon  
  117  9:52  Shield Battery, Pylon  
  117  9:55  Stalker  
  119  10:04  Stalker x2  
  119  10:05  Stalker  
  125  10:10  Gateway  
  125  10:13  Photon Cannon  
  125  10:18  Observer  
  125  10:19  Photon Cannon  
  125  10:21  Photon Cannon  
  125  10:24  Sentry  
  125  10:26  Zealot x2  
  128  10:33  Stalker x2  
  128  10:35  Stalker  
  134  10:37  Probe  
  134  10:38  Probe  
  134  10:39  Probe  
  137  10:43  Observer  
  137  10:44  Probe  
  137  10:49  Probe  
  140  10:50  Probe  
  140  10:53  Probe  
  140  10:55  Photon Cannon, Stalker  
  140  10:56  Probe, Stalker  
  147  11:01  Probe  
  146  11:05  Assimilator  
  146  11:07  Assimilator  
  146  11:08  Robotics Bay  
  146  11:10  Observer  
  147  11:13  Robotics Facility  
  147  11:19  Protoss Ground Weapons Level 3 (Chrono Boost)  
  147  11:20  Zealot x4  
  153  11:27  Stalker x3  
  151  11:40  Zealot x3  
  147  11:47  Shadow Stride (Chrono Boost)  
  147  11:51  Dark Templar x3  
  147  11:52  Dark Templar  
  155  11:56  Pylon x2  
  155  11:57  Pylon  
  156  12:13  Disruptor (Chrono Boost)  
  156  12:14  Disruptor (Chrono Boost), Archon  
  155  12:19  Stalker x4  
  141  12:24  Zealot x4  
  144  12:31  Pylon  
  128  12:41  Disruptor (Chrono Boost)  
  128  12:43  Disruptor (Chrono Boost)  
  134  12:55  Dark Templar x3  
  130  13:06  Dark Templar x2  
  130  13:07  Zealot x3  
  138  13:15  Nexus  
  113  13:40  Stalker x8  
  127  13:42  Observer (Chrono Boost)  
  128  13:48  Nexus  
  117  14:04  Stalker x4  
  117  14:05  Stalker  
  100  14:19  Stalker x3  
Show
View Real Time Build Order
Export as new Build Order

ShaDoWn Protoss - Winner!

Build Orders:  

Get SALT Encoding   

  12  0:00  Probe  
  13  0:12  Probe  
  14  0:16  Pylon  
  14  0:24  Probe  
  15  0:35  Gateway  
  15  0:36  Probe (Chrono Boost)  
  16  0:46  Probe (Chrono Boost), Assimilator  
  17  0:51  Probe (Chrono Boost)  
  18  1:03  Probe  
  19  1:11  Pylon  
  19  1:15  Probe  
  20  1:22  Zealot (Chrono Boost), Cybernetics Core  
  22  1:27  Probe  
  23  1:39  Probe  
  24  1:51  Probe  
  25  1:58  Adept (Chrono Boost), Warp Gate  
  27  2:03  Probe  
  28  2:08  Assimilator  
  28  2:14  Pylon  
  28  2:15  Probe  
  29  2:25  Stalker (Chrono Boost)  
  31  2:31  Nexus  
  31  2:34  Probe  
  32  2:39  Shield Battery  
  32  2:46  Probe  
  32  2:49  Stalker  
  36  2:58  Probe  
  36  3:04  Shield Battery  
  36  3:10  Probe  
  37  3:15  Robotics Facility  
  39  3:21  Shield Battery  
  39  3:31  Twilight Council  
  39  3:35  Probe  
  39  3:39  Gateway  
  38  3:47  Probe, Stalker  
  41  3:51  Probe  
  42  3:57  Gateway  
  42  3:58  Shield Battery  
  42  3:59  Probe  
  42  4:02  Blink (Chrono Boost)  
  42  4:03  Probe  
  43  4:11  Stalker  
  43  4:16  Probe  
  43  4:17  Probe  
  44  4:28  Probe  
  45  4:31  Probe  
  45  4:34  Stalker  
  47  4:40  Probe  
  47  4:43  Probe  
  49  4:48  Pylon  
  50  4:53  Probe (Chrono Boost)  
  50  4:55  Probe (Chrono Boost)  
  50  4:59  Robotics Facility  
  51  5:05  Stalker  
  55  5:07  Probe (Chrono Boost)  
  55  5:08  Stalker  
  55  5:10  Probe (Chrono Boost)  
  57  5:15  Probe (Chrono Boost)  
  57  5:17  Probe (Chrono Boost)  
  57  5:20  Stalker, Pylon  
  61  5:24  Probe  
  62  5:32  Nexus  
  62  5:40  Stalker x2  
  66  5:44  Stalker  
  66  5:46  Observer (Chrono Boost)  
  69  5:50  Pylon  
  69  5:51  Probe  
  70  5:59  Probe  
  70  6:07  Assimilator  
  70  6:08  Probe, Stalker  
  70  6:09  Stalker  
  70  6:10  Stalker  
  78  6:11  Probe  
  78  6:20  Pylon  
  78  6:33  Probe  
  78  6:34  Observer  
  78  6:38  Probe  
  79  6:40  Stalker x3  
  79  6:44  Probe  
  79  6:45  Probe  
  87  6:49  Forge  
  87  6:50  Probe  
  88  6:56  Probe  
  88  6:57  Probe  
  88  7:04  Stalker x3  
  88  7:06  Probe  
  90  7:10  Probe  
  90  7:11  Probe  
  91  7:18  Probe  
  92  7:23  Probe x2  
  92  7:27  Stalker x3  
  100  7:31  Probe  
  100  7:35  Pylon  
  100  7:36  Pylon  
  101  7:37  Probe x2  
  101  7:43  Probe  
  100  7:50  Probe x2  
  98  7:54  Stalker x3  
  98  7:55  Probe  
  98  7:56  Photon Cannon  
  105  8:02  Probe x2  
  105  8:03  Observer  
  101  8:07  Probe  
  102  8:14  Probe x2  
  102  8:15  Pylon  
  102  8:19  Probe  
  99  8:22  Stalker x3  
  99  8:26  Probe x2  
  103  8:27  Protoss Ground Weapons Level 1 (Chrono Boost)  
  103  8:28  Observer  
  103  8:29  Assimilator x2  
  103  8:31  Probe  
  101  8:52  Photon Cannon  
  101  8:53  Zealot x3  
  107  9:00  Immortal (Chrono Boost)  
  111  9:06  Gateway  
  111  9:07  Gateway  
  111  9:09  Probe x2, Gateway  
  110  9:10  Gateway  
  109  9:21  Zealot x3  
  115  9:31  Nexus  
  115  9:32  Charge (Chrono Boost)  
  115  9:42  Robotics Facility, Assimilator  
  116  9:45  Robotics Bay, Probe  
  116  9:47  Observer, Probe  
  116  9:50  Stalker x3  
  124  9:57  Pylon  
  124  9:59  Probe  
  125  10:04  Pylon  
  125  10:05  Pylon  
  125  10:10  Pylon  
  125  10:14  Observer  
  125  10:16  Probe x2  
  125  10:18  Stalker x2  
  125  10:20  Photon Cannon  
  131  10:21  Observer, Probe  
  131  10:24  Protoss Ground Weapons Level 2 (Chrono Boost)  
  132  10:29  Observer, Probe  
  132  10:30  Shield Battery  
  132  10:32  Disruptor (Chrono Boost)  
  132  10:34  Probe  
  132  10:35  Disruptor (Chrono Boost)  
  140  10:37  Probe  
  141  10:47  Gravitic Boosters  
  141  10:54  Probe  
  145  11:01  Stalker x2  
  145  11:02  Stalker x4  
  145  11:04  Disruptor (Chrono Boost)  
  160  11:05  Disruptor (Chrono Boost)  
  160  11:06  Probe  
  160  11:09  Pylon  
  161  11:18  Pylon  
  161  11:20  Pylon  
  161  11:21  Disruptor (Chrono Boost)  
  161  11:25  Disruptor (Chrono Boost)  
  167  11:37  Observer  
  150  11:48  Zealot x2  
  150  11:49  Zealot x5  
  150  11:50  Probe  
  150  11:52  Disruptor  
  150  11:53  Probe  
  168  11:54  Probe  
  168  11:55  Assimilator  
  168  11:57  Probe, Assimilator  
  168  11:59  Disruptor  
  173  12:09  Probe  
  174  12:16  Probe  
  174  12:20  Zealot x7  
  174  12:21  Probe  
  173  12:27  Observer  
  173  12:28  Disruptor (Chrono Boost)  
  172  12:32  Probe  
  172  12:35  Disruptor (Chrono Boost)  
  172  12:43  Stalker x3  
  172  12:44  Stalker x3  
  184  12:51  Nexus  
  181  12:58  Disruptor (Chrono Boost)  
  181  13:02  Disruptor (Chrono Boost)  
  167  13:13  Stalker x6  
  162  13:28  Disruptor (Chrono Boost)  
  161  13:34  Zealot  
  161  13:37  Zealot x6  
  161  13:39  Probe  
  171  13:41  Photon Cannon  
  171  13:43  Disruptor (Chrono Boost)  
  171  13:46  Pylon  
  171  13:49  Pylon  
  168  13:56  Observer (Chrono Boost)  
  155  14:17  Stalker x5  
  155  14:18  Stalker x2  
  155  14:19  Probe  
Tags
 
Add a new tag
Caveats
  • Supply blocks, unpowered buildings, or Contaminate may cause inaccurate times.
  • Supply counts are checked every 10 seconds.